 Dungeon Crawl Stone Soup version 0.30-a0-210-g01b79a254e (webtiles) character file.

Game seed: 17801092044972043199

255 sleeves the Sneak (level 6, -1/35 HPs)
             Began as a Tengu Brigand on Oct 4, 2022.
             Slain by Grinder (6 damage)
             ... on level 4 of the Dungeon.
             The game lasted 00:03:48 (2652 turns).

sleeves the Sneak (Tengu Brigand)                   Turns: 2652, Time: 00:03:49

Health: -1/35      AC:  4    Str: 11    XL:     6   Next: 15%
Magic:  7/7        EV: 16    Int: 11    God:
Gold:   246        SH:  5    Dex: 18    Spells: 5/5 levels left

rFire   . . .      SeeInvis .    o - +12 hand axe of Anxiety {pain, Fly}
rCold   . . .      Faith    .    (no shield)
rNeg    . . .      Spirit   .    b - +0 robe
rPois   .          Reflect  +    (helmet restricted)
rElec   .          Harm     .    c - +0 cloak
rCorr   .          Rampage  .    r - +0 pair of gloves
Will    .....                    (boots unavailable)
Stlth   +++.......               j - amulet of reflection
HPRegen 0.25/turn                (no ring)
MPRegen 0.10/turn                (no ring)

@: flying quickly and evasively, quick
A: beak, talons 3, nimble flight
a: no special abilities


You were on level 4 of the Dungeon.
You visited 1 branch of the dungeon, and saw 4 of its levels.

You collected 246 gold pieces.

Inventory:

Hand Weapons
 a - a +2 dagger
 o - the +12 hand axe of Anxiety (weapon) {pain, Fly}
   (You found it on level 2 of the Dungeon)

   In the hands of one skilled in necromantic magic, it inflicts extra damage on
   living creatures.
   Fly:       It grants you flight.
Missiles
 d - 4 poisoned darts (quivered)
 e - 3 curare-tipped darts
Armour
 b - a +0 robe (worn)
 c - a +0 cloak (worn)
 r - a +0 pair of gloves (worn)
   (You found it on level 2 of the Dungeon)
Jewellery
 j - an amulet of reflection (around neck)
   (You found it on level 1 of the Dungeon)
 m - an amulet of faith
   (You found it on level 1 of the Dungeon)
Scrolls
 f - 2 scrolls of poison {unknown}
 i - 2 scrolls of enchant armour {unknown}
 k - a scroll of amnesia {unknown}
 l - a scroll of torment {unknown}
 n - 2 scrolls of noise {unknown}
 p - a scroll of vulnerability {unknown}
 s - 6 scrolls of identify {unknown}
 u - 2 scrolls of enchant weapon {unknown}
 x - a scroll of magic mapping {unknown}
 y - a scroll of acquirement {unknown}
Potions
 g - 2 potions of lignification {unknown}
 h - 2 potions of invisibility {unknown}
 q - 3 potions of mutation {unknown}
 t - a potion of curing {unknown}
 v - 2 potions of degeneration {unknown}
 w - a potion of magic {unknown}
 z - a potion of flight {unknown}
 A - a potion of attraction {unknown}


   Skills:
 - Level 2.0 Fighting
 + Level 4.3 Short Blades
 - Level 2.0 Throwing
 + Level 3.6 Dodging
 + Level 5.5 Stealth


You had 5 spell levels left.
You didn't know any spells.
Your spell library contained the following spells:

 Spells                   Type           Power      Damage    Failure   Level
 Inner Flame              Hex/Fire       0%         N/A       71%         3
 Flame Wave               Conj/Fire      0%         2d4       98%         4
 Sticky Flame             Conj/Fire      0%         2d3       98%         4


Dungeon Overview and Level Annotations

Branches:
Dungeon (4/15)
 Temple: D:4-7

Altars:
Xom
Yredelemnul
Zin

Shops:
D:2 !

Annotations:
D:3 2 runed translucent doors, trickyswaf's ghost, amateur KoBr
D:4 Grinder


Innate Abilities, Weirdness & Mutations

You have a beak for a mouth.
You have claws for feet.
Your magical nature lets you fly swiftly and evasively.


Message History

No target in view!
No target in view!
No target in view!
You see here a ball python corpse.
m - an amulet of faith You now have 13 gold pieces.
You see here a ball python corpse.
A ball python comes into view.
You start putting on your amulet.
You continue putting on your amulet of reflection. x4
The ball python hisses angrily.
You continue putting on your amulet of reflection.
You finish putting on your amulet of reflection.
You feel a shielding aura gather around you.
j - an amulet of reflection (around neck)
The ball python bites you. The ball python grabs you.
The ball python constricts you.
You hit the ball python. You claw the ball python.
You kill the ball python!
Found 9 gold pieces.
You see here a ball python corpse.
Found 17 gold pieces.
The frilled lizard barely misses you.
You hit the frilled lizard.
You kill the frilled lizard!
No target in view!
No target in view!
No target in view!
No target in view!
No target in view!
No target in view!
No target in view!
An endoplasm comes into view.
An endoplasm is nearby!
An endoplasm is nearby!
The endoplasm quivers.
You see here 9 gold pieces.
You hit the endoplasm. You peck the endoplasm.
You kill the endoplasm!
No target in view!
No target in view!
No target in view!
No target in view!
No target in view!
No target in view!
No target in view!
You now have 22 gold pieces (gained 9).
A goblin and a bat come into view.
Found 9 gold pieces.
There are monsters nearby!
There are monsters nearby!
An endoplasm comes into view.
The goblin shouts!
You see here 17 gold pieces.
You barely miss the goblin. You claw the goblin.
You kill the goblin!
You barely miss the bat. You claw the bat.
You kill the bat!
The endoplasm hits you.
You hit the endoplasm.
The endoplasm is almost dead.
The endoplasm barely misses you.
You hit the endoplasm.
You kill the endoplasm!
No target in view!
No target in view!
No target in view!
No target in view!
No target in view!
No target in view!
You now have 39 gold pieces (gained 17).
You see here a bat corpse.
You now have 48 gold pieces (gained 9).
You see here a ball python corpse.
You see here a rat skeleton.
Done exploring.
Done exploring.
Done exploring.
Done exploring.
No target in view!
No target in view!
(D) Dungeon
Where to? (? - help)
There is a stone staircase leading down here.
You climb downwards.
There is a stone staircase leading up here.
n - a scroll labelled SYTUHA SE GYGO
Found a trident.
Found a whip.
A jackal comes into view.
You see here 7 gold pieces.
A jackal comes into view.
The jackal barks!
The jackal bites you but does no damage.
The jackal bites you but does no damage.
The jackal attacks as you move away!
The jackal bites you but does no damage.
You block the jackal's attack.
You hit the jackal.
The jackal is almost dead.
The jackal closely misses you.
You hit the jackal.
You kill the jackal!
The jackal closely misses you.
You have reached level 3!
Your experience leads to an increase in your attributes!
Increase (S)trength, (I)ntelligence, or (D)exterity?
You feel agile. x2
You barely miss the jackal. The jackal bites you.
You hit the jackal. You peck the jackal.
You kill the jackal!
No target in view!
No target in view!
No target in view!
No target in view!
No target in view!
No target in view!
No target in view!
No target in view!
No target in view!
HP restored.
You see here a jackal corpse.
You now have 55 gold pieces (gained 7).
You open the door.
There is an open door here.
d - 12 poisoned darts (gained 3)
Found Laklimat's Distillery.
Found a stone staircase leading down.
There is an entrance to Laklimat's Distillery here.
You can access your shopping list by pressing '$'.
There is a stone staircase leading down here.
A kobold comes into view. It is wielding a +0 dagger.
Found a leather armour.
A kobold is nearby!
A kobold is nearby!
A kobold is nearby!
The helpless kobold fails to defend itself.
You impale the kobold!!
You kill the kobold!
No target in view!
Found a spear.
A bat comes into view.
A bat is nearby!
The bat barely misses you.
You closely miss the bat. You block the bat's attack.
You barely miss the bat. Your peck misses the bat. Your punch misses the bat.
The bat closely misses you.
You hit the bat but do no damage. Your kick misses the bat.
The bat hits you but does no damage.
You hit the bat. Your kick misses the bat.
The bat is moderately wounded.
The bat hits you but does no damage.
You closely miss the bat. You claw the bat.
You kill the bat!
No target in view!
No target in view!
No target in view!
You open the door.
A rat comes into view.
A rat is nearby!
A rat is nearby!
There is an open door here.
You hit the rat. Your peck misses the rat.
The rat is severely wounded.
The rat bites you but does no damage.
You hit the rat.
You kill the rat!
No target in view!
No target in view!
No target in view!
No target in view!
No target in view!
Found a robe.
Found 3 stones.
No target in view!
No target in view!
Found a stone staircase leading down.
You now have 67 gold pieces (gained 12).
You open the door.
There is an open door here.
You now have 75 gold pieces (gained 8).
A kobold comes into view. It is wielding a +0 club.
Found a gold piece.
The helpless kobold fails to defend itself.
You impale the kobold!!
You kill the kobold!
No target in view!
No target in view!
No target in view!
No target in view!
Found a faded altar of an unknown god.
You enter the shallow water.
Moving in this stuff is going to be slow.
You now have 76 gold pieces (gained 1).
You now have 77 gold pieces (gained 1).
There is a faded altar of an unknown god here.
You enter the shallow water.
Moving in this stuff is going to be slow.
You now have 78 gold pieces (gained 1).
There is a faded altar of an unknown god here.
You enter the shallow water.
Moving in this stuff is going to be slow.
A hobgoblin comes into view.
Found a stone staircase leading down.
A hobgoblin is nearby!
A hobgoblin is nearby!
A hobgoblin is nearby!
A kobold comes into view. It is wielding a +0 short sword.
The kobold shouts!
The kobold closely misses you.
You miss the kobold. You completely miss the kobold. You claw the kobold.
You kill the kobold!
You barely miss the hobgoblin.
The hobgoblin hits you but does no damage.
You hit the hobgoblin but do no damage. The hobgoblin closely misses you.
You barely miss the hobgoblin. Your kick misses the hobgoblin.
You peck the hobgoblin.
The hobgoblin is severely wounded.
The hobgoblin closely misses you.
You hit the hobgoblin but do no damage.
The hobgoblin is severely wounded.
The hobgoblin barely misses you.
You hit the hobgoblin.
You kill the hobgoblin!
Your Short Blades skill increases to level 3!
No target in view!
No target in view!
No target in view!
No target in view!
No target in view!
No target in view!
No target in view!
No target in view!
No target in view!
You see here the +12 hand axe of Anxiety {pain, Fly}.
o - the +12 hand axe of Anxiety {pain, Fly} You fly up into the air.
You have a feeling of ineptitude.
o - the +12 hand axe of Anxiety (weapon)
{pain, Fly} An endoplasm comes into view.
Found 13 gold pieces and a scroll labelled KETSYPSI LIBRI TIJ.
An endoplasm is nearby!
An endoplasm is nearby!
An endoplasm is nearby!
You see here 13 gold pieces.
The helpless endoplasm fails to defend itself.
You slash the endoplasm!
You kill the endoplasm!
No target in view!
You now have 91 gold pieces (gained 13).
p - a scroll labelled KETSYPSI LIBRI TIJ A rat comes into view.
Found a stone staircase leading up.
A rat is nearby!
Found 2 ruby potions.
You block the rat's attack.
You closely miss the rat. The rat bites you.
You hit the rat.
You kill the rat!
No target in view!
No target in view!
No target in view!
q - 2 ruby potions You now have 107 gold pieces (gained 16).
You reach down and open the door.
There is an open door here.
An endoplasm comes into view.
An endoplasm is nearby!
The endoplasm quivers.
An endoplasm is nearby!
The endoplasm barely misses you.
You hit the endoplasm. You claw the endoplasm.
You kill the endoplasm!
No target in view!
No target in view!
No target in view!
No target in view!
You reach down and open the door.
There is an open door here.
A bat comes into view.
A bat is nearby!
A bat is nearby!
The bat closely misses you.
You barely miss the bat. Your kick misses the bat. You block the bat's attack.
The bat barely misses you.
You miss the bat. You claw the bat.
You kill the bat!
No target in view!
No target in view!
No target in view!
A bat comes into view.
A bat is nearby!
You see here a +0 pair of gloves.
The bat hits you but does no damage. The bat closely misses you.
You barely miss the bat. Your kick misses the bat. Your peck misses the bat.
The bat misses you.
You hit the bat. You claw the bat.
You kill the bat!
Your Dodging skill increases to level 2!
r - a +0 pair of gloves You start putting on your armour.
You continue putting on your +0 pair of gloves. x4
You finish putting on your +0 pair of gloves.
You reach down and open the door.
A frilled lizard, a goblin, 2 worms and a hobgoblin come into view.
The frilled lizard hisses angrily.
The goblin shouts!
Found six items.
There are monsters nearby!
There are monsters nearby!
There are monsters nearby!
You barely miss the goblin. You block the goblin's attack.
The goblin barely misses you.
The hobgoblin shouts!
You hit the goblin but do no damage. You claw the goblin.
You kill the goblin!
You miss the frilled lizard. Your kick misses the frilled lizard.
The frilled lizard misses you.
You miss the frilled lizard. You claw the frilled lizard.
You kill the frilled lizard!
You slash the hobgoblin!
You kill the hobgoblin!
You slash the worm! You claw the worm, but do no damage. You peck the worm.
The worm is almost dead.
The worm bites you.
You slash the worm!
You kill the worm!
You barely miss the worm. You block the worm's attack.
You hit the worm but do no damage. You slice the worm!!
You kill the worm!
No target in view!
No target in view!
No target in view!
No target in view!
No target in view!
No target in view!
No target in view!
No target in view!
No target in view!
No target in view!
No target in view!
No target in view!
No target in view!
No target in view!
No target in view!
There is an open door here.
Items here: ) †††.
i - 2 scrolls labelled YDGHIUN MOOZ (gained 1)
h - 2 bubbling white potions (gained 1)
You now have 116 gold pieces (gained 9).
s - a scroll labelled ARIEBE COFFIMO You see here a +0 robe.
You reach down and open the door.
There is an open door here.
As you open the door, it creaks loudly!
A rat comes into view.
You hear an angry hiss. x2; You hear a shout! x2
A rat is nearby!
The rat bites you but does no damage.
There is an open door here.
You slash the rat!
You kill the rat!
No target in view!
No target in view!
No target in view!
No target in view!
No target in view!
You reach down and open the door.
A frilled lizard, a dart slug, a bat, a kobold, a rat, 2 goblins and 2 adders come into view.
The rat twitches its whiskers.
Found 2 javelins, 7 stones, a plate armour and a viscous puce potion.
There are monsters nearby!
There are monsters nearby!
There is an open door here.
The hobgoblin attacks as you move away! The hobgoblin misses you.
The adder hisses angrily.
You hit the adder. Your kick misses the adder.
The adder is moderately wounded.
You block the adder's attack. The adder bites you but does no damage.
You barely miss the adder. Your kick misses the adder.
You peck the adder, but do no damage.
The adder is moderately wounded.
The adder misses you.
You closely miss the adder. You peck the adder, but do no damage.
The adder is moderately wounded.
You block the adder's attack. The adder bites you but does no damage.
You slash the adder!
You kill the adder!
The hobgoblin hits you.
You slice the hobgoblin!!
You kill the hobgoblin!
The adder barely misses you.
You completely miss the adder. You peck the adder.
The adder is moderately wounded.
The adder closely misses you. The adder misses you.
You slash the adder!
You kill the adder!
The bat closely misses you.
You have reached level 4!
You feel agile.
You barely miss the bat. The bat hits you but does no damage.
The bat closely misses you.
The dart slug briefly extends its eye-stalks.
You closely miss the bat. The bat hits you. The bat completely misses you.
You hit the bat.
You kill the bat!
The frilled lizard closely misses you.
You slash the frilled lizard!
You kill the frilled lizard!
You barely miss the rat. Your kick misses the rat. You peck the rat.
You kill the rat!
You slash the kobold!
You kill the kobold!
You hit the goblin. You peck the goblin, but do no damage.
The goblin is severely wounded.
The goblin hits you but does no damage. You block the goblin's attack.
You slash the goblin!
You kill the goblin!
The dart slug launches a dart at you. The slug dart hits you.
There is an open door, spattered with blood here.
Items here: )) ††††††.
You slash the dart slug!
You kill the dart slug!
No target in view!
No target in view!
No target in view!
No target in view!
No target in view!
No target in view!
No target in view!
No target in view!
No target in view!
No target in view!
No target in view!
No target in view!
No target in view!
You see here 7 stones.
g - 2 viscous puce potions (gained 1)
Found a dagger.
There is an open door here.
There is an open door here.
You reach down and open the door.
There is an open door here.
Key pressed, stopping explore.
You now have 123 gold pieces (gained 7).
Found a stone staircase leading up.
t - a purple potion No target in view!
Done exploring.
Done exploring.
Done exploring.
(D) Dungeon
Where to? (Enter - D:2, ? - help)
There is a stone staircase leading down here.
You fly downwards.
Found a book of Flames and a scroll labelled TOROBL RIKKI.
There is a stone staircase leading up here.
You pick up a book of Flames and begin reading...
You add the spells Inner Flame, Sticky Flame and Flame Wave to your library.
u - a scroll labelled TOROBL RIKKI
v - a blue potion You now have enough gold to buy a potion of haste on D:2.
You can access your shopping list by pressing '$'.
You now have 136 gold pieces (gained 13).
A bat comes into view.
Found a stone staircase leading down.
A bat is nearby!
A bat is nearby!
The helpless bat fails to defend itself.
You slash the bat!
You kill the bat!
No target in view!
No target in view!
No target in view!
No target in view!
No target in view!
No target in view!
No target in view!
No target in view!
You see here a bat corpse.
A bat comes into view.
Found 2 stones.
A bat is nearby!
A bat is nearby!
The helpless bat fails to defend itself.
You slash the bat!
You kill the bat!
No target in view!
No target in view!
No target in view!
No target in view!
No target in view!
No target in view!
You see here 2 stones.
Found a robe.
An orc comes into view. It is wielding a +0 short sword.
Found a chain mail.
Found a scroll labelled TOROBL RIKKI.
Found a stone staircase leading down.
You see here a +0 chain mail.
The helpless orc fails to defend itself.
You slash the orc!
You kill the orc!
No target in view!
No target in view!
No target in view!
No target in view!
No target in view!
No target in view!
No target in view!
No target in view!
No target in view!
Things that are here:
a +0 short sword; a +0 ring mail; an orc corpse
u - 2 scrolls labelled TOROBL RIKKI (gained 1)
A bat comes into view.
Found 16 gold pieces.
A bat is nearby!
A bat is nearby!
A bat is nearby!
You slash the bat!
You kill the bat!
No target in view!
No target in view!
You now have 144 gold pieces (gained 8).
You now have 152 gold pieces (gained 8).
You now have 161 gold pieces (gained 9).
As you open the door, it creaks loudly!
A rat comes into view.
A hobgoblin comes into view.
There are monsters nearby!
There are monsters nearby!
Found 9 gold pieces.
You block the rat's attack. The hobgoblin closely misses you.
There is an open door here.
You hit the rat.
You kill the rat!
You hit the hobgoblin. You block the hobgoblin's attack.
You slash the hobgoblin!
You kill the hobgoblin!
No target in view!
No target in view!
You see here a rat corpse.
You now have 170 gold pieces (gained 9).
You reach down and open the door.
Found a basalt altar of Yredelemnul.
There is an open door here.
You reach down and open the door.
There is an open door here.
w - a smoky dark potion You reach down and open the door.
There is an open door here.
As you open the door, it creaks loudly!
No target in view!
There is an open door here.
You reach down and open the door.
There is an open door here.
You reach down and open the door.
A frilled lizard comes into view.
The frilled lizard hisses angrily.
A frilled lizard is nearby!
A frilled lizard is nearby!
A frilled lizard is nearby!
A frilled lizard is nearby!
You slash the frilled lizard!
You kill the frilled lizard!
No target in view!
No target in view!
No target in view!
There is an open door here.
x - a scroll labelled EWKANUULOH You reach down and open the door.
There is an open door here.
You reach down and open the door.
A frilled lizard comes into view.
A frilled lizard is nearby!
There is an open door here.
A frilled lizard is nearby!
The helpless frilled lizard fails to defend itself.
You slash the frilled lizard!
You kill the frilled lizard!
No target in view!
No target in view!
You reach down and open the door.
A ball python comes into view.
There is an open door here.
A ball python is nearby!
A ball python is nearby!
A ball python is nearby!
A ball python is nearby!
The ball python hisses angrily.
The ball python bites you but does no damage.
The ball python grabs you. The ball python constricts you.
You slash the ball python!
You kill the ball python!
No target in view!
No target in view!
No target in view!
No target in view!
No target in view!
You see here a ball python corpse.
You reach down and open the door.
There is an open door here.
There is an open door here.
There is an open door here.
You see here 2 stones.
You now have 179 gold pieces (gained 9).
You see here 7 stones.
A hobgoblin comes into view.
A hobgoblin is nearby!
A hobgoblin is nearby!
A hobgoblin is nearby!
Found a scroll labelled ARIEBE COFFIMO.
The helpless hobgoblin fails to defend itself.
You slash the hobgoblin!
You kill the hobgoblin!
No target in view!
No target in view!
A rat comes into view.
You see here a scroll labelled ARIEBE COFFIMO.
A rat is nearby!
A rat is nearby!
No target in view!
No target in view!
No target in view!
No target in view!
No target in view!
No target in view!
No target in view!
A rat is nearby!
A rat is nearby!
A rat is nearby!
You slash the rat!
You kill the rat!
No target in view!
No target in view!
No target in view!
No target in view!
s - 2 scrolls labelled ARIEBE COFFIMO (gained 1)
Found a sling.
You see here a +0 sling.
You now have 185 gold pieces (gained 6).
An endoplasm comes into view.
Found 2 scrolls labelled ARIEBE COFFIMO.
An endoplasm is nearby!
An endoplasm is nearby!
Found a scroll labelled GUCKAOX KUEHADA.
The helpless endoplasm fails to defend itself.
You hit the endoplasm but do no damage. The endoplasm hits you.
You hit the endoplasm.
You kill the endoplasm!
No target in view!
No target in view!
No target in view!
No target in view!
HP restored.
You now have 196 gold pieces (gained 11).
y - a scroll labelled GUCKAOX KUEHADA
s - 4 scrolls labelled ARIEBE COFFIMO (gained 2)
An orc comes into view. It is wielding a +0 club.
An orc is nearby!
You barely miss the orc. The orc misses you. The orc closely misses you.
You slash the orc!
You kill the orc!
No target in view!
No target in view!
No target in view!
No target in view!
No target in view!
You see here a +0 club.
z - a silvery potion
Found a stone staircase leading down.
You see here a +0 sling.
A ball python comes into view.
A ball python is nearby!
The helpless ball python fails to defend itself.
You slash the ball python!
You kill the ball python!
No target in view!
No target in view!
No target in view!
No target in view!
You see here a ball python corpse.
Found 4 stones.
Found a stone staircase leading up.
You see here 4 stones.
You reach down and open the door.
Found a snail-covered altar of Cheibriados.
There is an open door here.
Found a stormy altar of Qazlal and a glowing silver altar of Zin.
No target in view!
Found three altars.
The altar is a mimic!
The altar mimic chortles and vanishes in a puff of smoke!
The altar is a mimic!
The altar mimic guffaws and vanishes in a puff of smoke!
s - 5 scrolls labelled ARIEBE COFFIMO (gained 1)
The altar is a mimic!
The altar mimic chuckles and vanishes in a puff of smoke!
You now have enough gold to buy 2 potions of mutation on D:2.
You can access your shopping list by pressing '$'.
You now have 214 gold pieces (gained 18).
The altar is a mimic!
The altar mimic giggles and vanishes in a puff of smoke!
There is an open door here.
There is a stone staircase leading down here.
An endoplasm comes into view.
An endoplasm is nearby!
An endoplasm is nearby!
An endoplasm is nearby!
Found a blue potion.
Found a large runed translucent door.
The helpless endoplasm fails to defend itself.
You slash the endoplasm!
You kill the endoplasm!
No target in view!
No target in view!
No target in view!
No target in view!
No target in view!
v - 2 blue potions (gained 1)
Found a helmet.
Found a stone staircase leading up.
Trickyswaf's ghost turns its malevolent gaze towards you.
There is a stone staircase leading up here.
A rat comes into view.
A rat is nearby!
The helpless rat fails to defend itself.
You hit the rat.
You kill the rat!
No target in view!
No target in view!
No target in view!
You see here a rat corpse.
Could not explore, unopened runed door.
Could not explore, unopened runed door.
Could not explore, unopened runed door.
No reachable target in view!
Press: ? - help, v - describe, . - travel
Here: trickyswaf's ghost, wielding a weapon of freezing (fire blocked by a translucent stone wall)
The floor.
Unknown command.
Unknown command.
(D) Dungeon
Where to? (Enter - D:3, ? - help)
There is a stone staircase leading down here.
You fly downwards.
Found a robe.
Found a stone staircase leading down.
There is a stone staircase leading up here.
An iguana is nearby!
An iguana is nearby!
An iguana is nearby!
The iguana hisses angrily.
The iguana bites you.
You slash the iguana!
The iguana is severely wounded.
You block the iguana's attack.
You slash the iguana!
You kill the iguana!
Your Stealth skill increases to level 5!
You have reached level 5!
Your magical nature develops, letting you fly swiftly and evasively.
HP restored.
Found an escape hatch in the floor.
A ball python comes into view.
A ball python is nearby!
A ball python is nearby!
Found a ruby potion.
Found a puce potion and a short sword.
Found 12 gold pieces.
An orc comes into view.
It is wielding a +4 flail of holy wrath.
The orc shouts!
You block the ball python's attack. The ball python grabs you.
The ball python constricts you.
You slash the ball python!
You kill the ball python!
You closely miss the orc.
A ball python comes into view.
The orc closely misses you.
The ball python hisses angrily.
You slash the orc!
You kill the orc!
The ball python barely misses you. The ball python closely misses you.
You slash the ball python!
You kill the ball python!
No target in view!
No target in view!
You see here a ball python corpse.
Things that are here:
a +4 flail of holy wrath; a +0 ring mail; an orc corpse You see here a +0 short sword.
A - a puce potion You now have 226 gold pieces (gained 12).
A howler monkey comes into view.
The howler monkey howls!
A howler monkey is nearby!
The howler monkey hits you!
You slice the howler monkey!!
You peck the howler monkey, but do no damage.
The howler monkey is almost dead.
The howler monkey completely misses you.
You slash the howler monkey!
You kill the howler monkey!
Your Dodging skill increases to level 3!
No target in view!
No target in view!
q - 3 ruby potions (gained 1)
You now have 239 gold pieces (gained 13).
Found a stone staircase leading up.
There is a stone staircase leading up here.
You now have 244 gold pieces (gained 5).
An ogre comes into view. It is wielding a +0 giant spiked club.
The ogre shouts!
The ogre moves out of view.
Found a stone staircase leading up.
An ogre is nearby!
You throw a poisoned dart.
The poisoned dart completely misses the ogre.
You throw a poisoned dart. The poisoned dart hits the ogre.
The ogre is poisoned.
You throw a poisoned dart. The poisoned dart hits the ogre.
The ogre looks even sicker.
You throw a poisoned dart. The poisoned dart hits the ogre.
The ogre looks even sicker.
The ogre is lightly wounded.
Throw: 8 darts (poison)
Press: ? - help, Q - select action, (/) - cycle Shift-Dir - straight line, f/p - ogre
Aim: an ogre, wielding a +0 giant spiked club (severely wounded, very poisoned, 77% to hit)
You throw a poisoned dart.
The poisoned dart completely misses the ogre.
Throw: 7 darts (poison)
Press: ? - help, Q - select action, (/) - cycle Shift-Dir - straight line, f/p - ogre
Aim: an ogre, wielding a +0 giant spiked club (severely wounded, poisoned, 77% to hit)
You throw a poisoned dart. The poisoned dart hits the ogre.
The ogre looks even sicker.
The ogre is severely wounded.
You kill the ogre!
Your Short Blades skill increases to level 4!
You have reached level 6!
d - 7 poisoned darts (gained 1)
d - 8 poisoned darts (gained 1)
d - 9 poisoned darts (gained 1)
d - 10 poisoned darts (gained 1)
s - 6 scrolls labelled ARIEBE COFFIMO (gained 1)
You see here a ball python corpse.
d - 11 poisoned darts (gained 1)
You see here a ball python corpse.
d - 12 poisoned darts (gained 1)
You now have 246 gold pieces (gained 2).
n - 2 scrolls labelled SYTUHA SE GYGO (gained 1)
A kobold comes into view. It is wielding a +0 dagger.
A kobold is nearby!
A kobold is nearby!
A kobold is nearby!
The kobold shouts!
You slash the kobold!
You kill the kobold!
No target in view!
Things that are here:
a +0 dagger; 4 stones An adder comes into view.
You see here a scroll labelled TYHES JESAH.
An adder is nearby!
An adder is nearby!
An adder is nearby!
A giant cockroach comes into view.
Found a stone staircase leading down.
Found 10 gold pieces.
You barely miss the adder.
The adder hisses angrily.
Your kick misses the adder. Your peck misses the adder.
The adder closely misses you.
You miss the adder. You claw the adder.
The adder is moderately wounded.
The adder misses you. The adder barely misses you.
You miss the adder. Your kick misses the adder. You peck the adder.
The adder is heavily wounded.
You block the adder's attack. x2
You slash the adder!
You kill the adder!
No target in view!
No target in view!
Unknown command.
You don't know any spells.
Okay, then.
You see here an adder corpse.
Grinder comes into view.
Grinder shouts!
Grinder gestures at you.
You suddenly lose the ability to move!
A hobgoblin comes into view.
You can move again.
You see here 10 gold pieces.
Unknown command.
Unknown command.
Unknown command.
Unknown command.
Unknown command.
Unknown command.
Unknown command.
Unknown command.
Unknown command.
Unknown command.
Unknown command.
Grinder hits you!
You writhe in agony.
Grinder gestures at you.
You suddenly lose the ability to move!
Grinder gestures at you. You resist with significant effort.
Grinder says, "Wait up."
Grinder gestures at you.
You shrug off the repeated paralysis!
Grinder gestures at you.
You shrug off the repeated paralysis!
You can move again.
Unknown command.
Unknown command.
Unknown command.
Unknown command.
Unknown command.
Unknown command.
Unknown command.
Unknown command.
Unknown command.
Unknown command.
Unknown command.
Unknown command.
Unknown command.
Unknown command.
Unknown command.
Unknown command.
Unknown command.
Unknown command.
Grinder blinks!
There is a stone staircase leading up here.
You throw a poisoned dart.
The poisoned dart barely misses Grinder.
Grinder blinks!
Grinder is nearby!
Grinder is nearby!
Unknown command.
Adjust (i)tems, (s)pells, or (a)bilities?
Huh?
Press: ? - help, v - describe, . - travel
Here: Grinder The floor.
Unknown command.
Unknown command.
You throw a poisoned dart. The poisoned dart hits Grinder.
Grinder is poisoned.
You throw a poisoned dart.
The poisoned dart closely misses Grinder.
Grinder blinks!
You throw a poisoned dart. The poisoned dart hits Grinder.
Grinder is lightly wounded.
The hobgoblin shouts!
You throw a poisoned dart.
The poisoned dart closely misses Grinder.
Grinder looks more healthy.
Grinder blinks!
You throw a poisoned dart. The poisoned dart hits the hobgoblin.
The hobgoblin is poisoned.
Grinder gestures at you. Pain shoots through your body!
Throw: 6 darts (poison)
Press: ? - help, Q - select action, (/) - cycle Shift-Dir - straight line, f - Grinder, p - hobgoblin
Aim: Grinder (lightly wounded, 60% to hit)
You throw a poisoned dart. The poisoned dart hits Grinder.
Grinder is lightly wounded.
Throw: 5 darts (poison)
Press: ? - help, Q - select action, (/) - cycle Shift-Dir - straight line, f/p - Grinder
Aim: Grinder (lightly wounded, 60% to hit)
You throw a poisoned dart. The poisoned dart hits Grinder.
Grinder is lightly wounded.
The hobgoblin misses you.
You slash the hobgoblin!
You kill the hobgoblin!
You hit Grinder. You peck Grinder, but do no damage.
Grinder is lightly wounded.
Grinder completely misses you.
You closely miss Grinder. Your kick misses Grinder.
Grinder is lightly wounded.
Grinder completely misses you. Grinder hits you!
You hit Grinder.
Grinder is moderately wounded.
Grinder misses you.
You hit Grinder but do no damage. You claw Grinder.
Grinder is moderately wounded.
Grinder gestures at you. Pain shoots through your body!
* * * LOW HITPOINT WARNING * * *
Unknown command.
You slash Grinder!
Grinder is heavily wounded.
Grinder closely misses you.
You slash Grinder! Your kick misses Grinder.
Grinder is severely wounded.
Grinder hits you.
* * * LOW HITPOINT WARNING * * *
You writhe in agony.
* * * LOW HITPOINT WARNING * * *
Grinder hits you.
You die...

....#...........###...###........
.######.........##..((##.....†...
................###..#....#.....$
#..........[...((...###...##.....
.............(.>.....#...######..
##..##.....÷.(..........## ...
#####.............(...## .#..
#..........5.[##...# ..#..
###..#.#....@..#..... .g ...
#####...........#...... #..
##.#.......##... ###.....###
#####..# ... .... ##..#


You could see Grinder.

Vanquished Creatures
  An ogre (D:4)
  A howler monkey (D:4)
  An iguana (D:4)
  3 adders
  2 worms (D:2)
  A dart slug (D:2)
  3 orcs
  10 bats
  7 endoplasms
  A giant cockroach (D:1)
  4 goblins
  7 hobgoblins
  2 jackals (D:2)
  A quokka (D:1)
  8 ball pythons
  5 frilled lizards
  8 kobolds
  8 rats
73 creatures vanquished.

Notes
Turn   | Place    | Note
-------+----------+-------------------------------------------
     0 | D:1      | sleeves the Tengu Brigand began the quest for the Orb.
     0 | D:1      | Reached XP level 1. HP: 12/12 MP: 2/2
   132 | D:1      | HP: 6/12 [kobold/+0 club (3)]
   221 | D:1      | HP: 4/12 [kobold/+0 whip (5)]
   277 | D:1      | Reached XP level 2. HP: 17/17 MP: 3/3
   968 | D:2      | Reached XP level 3. HP: 21/21 MP: 4/4
   999 | D:2      | Found Laklimat's Distillery.
  1111 | D:2      | Found a faded altar of an unknown god.
  1193 | D:2      | Reached skill level 3 in Short Blades
  1194 | D:2      | Identified the +12 hand axe of Anxiety {pain, Fly}
  1327 | D:2      | Reached skill level 2 in Dodging
  1401 | D:2      | Reached XP level 4. HP: 26/26 MP: 5/5
  1794 | D:3      | Found a basalt altar of Yredelemnul.
  2171 | D:3      | Found a snail-covered altar of Cheibriados.
  2174 | D:3      | Found a stormy altar of Qazlal.
  2174 | D:3      | Found a glowing silver altar of Zin.
  2176 | D:3      | Found a glowing golden altar of the Shining One.
  2176 | D:3      | Found a bloodstained altar of Trog.
  2176 | D:3      | Found a shimmering altar of Xom.
  2282 | D:3      | Found a large runed translucent door.
  2282 | D:3      | Found a large runed translucent door.
  2290 | D:3      | Noticed trickyswaf's ghost (amateur KoBr)
  2380 | D:4      | Reached skill level 5 in Stealth
  2380 | D:4      | Gained mutation: Your magical nature lets you fly swiftly
                  | and evasively. [Tengu growth]
  2380 | D:4      | Reached XP level 5. HP: 29/30 MP: 6/6
  2430 | D:4      | Reached skill level 3 in Dodging
  2505 | D:4      | Noticed an ogre
  2531 | D:4      | Killed an ogre
  2532 | D:4      | Reached skill level 4 in Short Blades
  2532 | D:4      | Reached XP level 6. HP: 35/35 MP: 7/7
  2607 | D:4      | Noticed Grinder
  2607 | D:4      | Paralysed by Grinder for 3 turns
  2622 | D:4      | Paralysed by Grinder for 4 turns
  2650 | D:4      | HP: 11/35 [Grinder/nerve-wracking pain (11)]
  2652 | D:4      | HP: 5/35 [Grinder (3)]
  2652 | D:4      | Slain by Grinder

Illustrated notes

Levels and vault maps discovered:
D:1:      amcnicky_arrival_double_pillar, layout_rooms, serial_co_window_serial,
          co_window_cross_1, co_window_paths_b, co_window_paths_a,
          co_window_of_opportunity_a, co_window_paths_b, co_window_cross_4,
          co_window_of_opportunity_b, co_window_broadway_b, co_window_4corner_b,
          glass_columns_b, glass_columns_a, glass_columns_a, glass_columns_b,
          glass_columns_c, minmay_misc_feat_cross
D:2:      layout_basic, hellmonk_ecumenical_altar_pennies_from_heaven,
          serial_glass, glass_columns_a, glass_columns_b, glass_columns_b,
          serial_shops, shop, minmay_joined_circles
D:3:      layout_loops_cross, mainiacjoe_overflow_24_doors, doesnt_xom_only_xom,
          ebering_ghost_disaster_area
D:4:      layout_cave_pools, elyvilon_altar_3, kennysheep_mini, uniq_duvessa,
          uniq_grinder

Skill      XL: |  1  2  3  4  5 |
---------------+----------------+-----
Short Blades   | 3 4 |  4.3
Dodging        | 2 3 |  3.6
Stealth        | 5 |  5.5
Fighting       | |  2.0
Throwing       | |  2.0

Action                   |  1- 3 |  4- 6 || total
-------------------------+-------+-------++-------
Melee: Dagger            |    70 |       ||    70
       Kick              |    17 |     2 ||    19
       Peck              |    13 |     5 ||    18
       Punch             |     2 |       ||     2
       Hand axe          |    26 |    46 ||    72
Throw: Dart              |       |    14 ||    14
 Stab: Sleeping          |     5 |     9 ||    14
Armor: Robe              |    21 |     3 ||    24
Dodge: Dodged            |    47 |    18 ||    65
Block: Other             |     8 |     7 ||    15

Table legend: (Time is in decaauts)
 A = Elapsed time spent in this place.
 B = Non-inter-level travel time spent in this place.
 C = Inter-level travel time spent in this place.
 D = Time resting spent in this place.
 E = Time spent auto-exploring this place.
 F = Levels seen in this place.
 G = Mean time per level.
                   A        B        C        D        E       F      G
               +--------+--------+--------+--------+--------+-----+--------+
         Total |   2644 |   2505 |    139 |     22 |   1991 |   4 |  661.0 |
       Dungeon |   2644 |   2505 |    139 |     22 |   1991 |   4 |  661.0 |
               +--------+--------+--------+--------+--------+-----+--------+

Top non-repeatable levels by time:
     D:1: 854 daAuts
     D:2: 808 daAuts
     D:3: 714 daAuts
     D:4: 266 daAuts
